 Dungeon Crawl Stone Soup version 0.19.5 (webtiles) character file.

814 tidbits the Carver (level 7, 0/72 HPs)
             Began as a High Elf Wanderer on Oct 30, 2017.
             Killed by divine providence
             ... invoked by an orc priest
              (14 damage)
             ... on level 4 of the Dungeon.
             The game lasted 00:17:12 (2170 turns).

tidbits the Carver (High Elf Wanderer)              Turns: 2170, Time: 00:17:12

Health: 0/72       AC: 23    Str: 16    XL:     7   Next: 62%
Magic:  8/8        EV:  2    Int: 25    God:
Gold:   68         SH:  4    Dex: 13    Spells: 0 memorised, 6 levels left

rFire  . . .     SeeInvis .     a - +3 falchion
rCold  . . .     Gourm    .     (armour currently unavailable)
rNeg   + + +     Faith    .     (no shield)
rPois  +         Spirit   .     (helmet currently unavailable)
rElec  .         Reflect  +     (cloak currently unavailable)
rCorr  +         Harm     .     (gloves currently unavailable)
MR     .....     NoTele   +     (boots currently unavailable)
Stlth  ++........               q - +4 amulet of reflection
                                D - +5 ring of intelligence
                                K - ring of resist corrosion

@: mighty, lethally poisoned (0 -> -1), tree-form
A: no striking features
a: no special abilities


You were on level 4 of the Dungeon.
You were hungry.
You were a tree.
You visited 1 branch of the dungeon, and saw 7 of its levels.

You collected 138 gold pieces.
You spent 70 gold pieces at shops.

Inventory:

Hand Weapons
 a - a +3 falchion (weapon)
   (You took it off an orc priest on level 5 of the Dungeon)
 d - a +0 dagger
 f - a +2 spear
 C - a +0 long sword
   (You found it on level 4 of the Dungeon)
Missiles
 b - 4 tomahawks
 e - 73 stones (quivered)
 w - 13 bolts
 y - 16 sling bullets
 J - 20 arrows
Armour
 j - a +0 robe
 B - a +0 ring mail (melded)
   (You found it on level 3 of the Dungeon)
 E - a +1 hat (melded)
   (You found it on level 1 of the Dungeon)
Jewellery
 q - a +4 amulet of reflection (around neck)
   (You found it on level 4 of the Dungeon)
 D - a +5 ring of intelligence (right branch)
   (You found it on level 4 of the Dungeon)
 K - a ring of resist corrosion (left branch)
   (You found it on level 6 of the Dungeon)
Wands
 t - a wand of random effects (0/48)
   (You found it on level 6 of the Dungeon)
Scrolls
 g - 2 scrolls of enchant weapon {unknown}
 k - a scroll of fear {unknown}
 n - 4 scrolls of remove curse
 o - 2 scrolls of noise {unknown}
 p - 2 scrolls of amnesia {unknown}
 r - a scroll of blinking {unknown}
 s - 2 scrolls of teleportation {unknown}
 u - a scroll of vulnerability {unknown}
 v - a scroll of fog
 x - a scroll of magic mapping
 A - a scroll of recharging {unknown}
Potions
 l - 2 potions of resistance
 z - a potion of cure mutation {!q}
 G - a potion of agility
 I - 2 potions of ambrosia
Books
 m - a book of Misfortune
   (You found it on level 6 of the Dungeon)

   Spells                             Type                      Level
   a - Confusing Touch                Hexes                        1
   b - Confuse                        Hexes                        3
   c - Gell's Gravitas                Hexes/Translocation          3
   d - Petrify                        Transmutation/Earth          4
   e - Metabolic Englaciation         Hexes/Ice                    5
   f - Yara's Violent Unravelling     Hexes/Transmutation          5
Comestibles
 c - 3 bread rations
 h - 4 meat rations
 H - 2 beef jerkies


   Skills:
 + Level 4.2 Fighting
 * Level 8.3 Long Blades
 - Level 1.4 Armour
 + Level 4.9 Dodging
 - Level 3.6 Stealth


You had 6 spell levels left.
You didn't know any spells.

Dungeon Overview and Level Annotations

Branches:
Dungeon (7/15)
 Temple: D:4-7

Altars:

Shops:
D:4 !

Annotations:
D:4 Pikel


Message History

The worker ant twitches its antennae in your direction.
The slave barely misses you.
The orc priest looks satisfied for a moment.
Unknown command.
Evoke which item? (* to show all) (? for menu, Esc to quit)
Zapping:
t - a wand of random effects (7/48)
Press: ? - help, Shift-Dir - straight line, f/p - orc priest
Aim: an orc priest, wielding a club (heavily wounded)
The slave flickers and vanishes!
This wand has 6 charges left.
Something hits you. Something hits you but does no damage.
Unknown command.
Evoke which item? (* to show all) (? for menu, Esc to quit)
Zapping:
t - a wand of random effects (6/48)
Press: ? - help, Shift-Dir - straight line, p - orc priest Nothing appears to happen.
This wand has 5 charges left.
The orc priest invokes the aid of Beogh against you.
Beogh smites you! Something hits you but does no damage.
Unknown command.
Evoke which item? (* to show all) (? for menu, Esc to quit)
Zapping:
t - a wand of random effects (5/48)
Press: ? - help, Shift-Dir - straight line, f - orc priest
Aim: an orc priest, wielding a club (heavily wounded)
You hear a mighty clap of thunder!
The bolt of lightning hits the orc.
You kill the orc!
The bolt of lightning hits Pikel.
Pikel is moderately wounded.
The bolt of lightning hits the orc priest.
The orc priest is heavily wounded.
This wand has 4 charges left.
You hear an angry hiss.
The orc priest mumbles some strange prayers to Beogh against you.
Beogh smites you!
* * * LOW HITPOINT WARNING * * *
Something hits you but does no damage.
Unknown command.
Evoke which item? (* to show all) (? for menu, Esc to quit)
Zapping:
t - a wand of random effects (4/48)
Press: ? - help, Shift-Dir - straight line, f/p - orc priest
Aim: an orc priest, wielding a club (heavily wounded) Nothing appears to happen.
This wand has 3 charges left.
Something hits you.
* * * LOW HITPOINT WARNING * * *
Evoke which item? (* to show all) (? for menu, Esc to quit)
Zapping:
t - a wand of random effects (3/48)
Press: ? - help, Shift-Dir - straight line, f/p - orc priest
Aim: an orc priest, wielding a club (heavily wounded)
The bolt of negative energy hits something.
The bolt of negative energy hits the worker ant.
The worker ant is drained!
The worker ant is almost dead.
The bolt of negative energy hits Pikel.
Pikel is drained!
Pikel is almost dead.
This wand has 2 charges left.
Unknown command.
Evoke which item? (* to show all) (? for menu, Esc to quit)
Zapping:
t - a wand of random effects (2/48)
Press: ? - help, Shift-Dir - straight line, f/p - orc priest
Aim: an orc priest, wielding a club (heavily wounded)
The worker ant looks slightly unstable.
This wand has 1 charge left.
The worker ant bites you.
* * * LOW HITPOINT WARNING * * *
Unknown command.
Evoke which item? (* to show all) (? for menu, Esc to quit)
Zapping:
t - a wand of random effects (1/48)
Press: ? - help, Shift-Dir - straight line, f - Pikel
Aim: Pikel, wielding a whip of flaming and wearing a robe (almost dead, lightly drained)
The worker ant seems to speed up.
This wand has 0 charges left.
You block the worker ant's attack. The worker ant bites you.
* * * LOW HITPOINT WARNING * * *
You are poisoned.
The worker ant poisons you!
Okay, then.
You feel very mighty all of a sudden.
You feel sick.
The worker ant disappears!
You barely miss the orc.
You turn into a tree.
Your +1 hat melds into your body.
Your +0 ring mail melds into your body.
Your roots penetrate the ground.
The orc hits you but does no damage.
You barely miss the orc. The orc hits you but does no damage.
You slash the orc!
You kill the orc!
You feel sick.
The orc priest begins to cast a cantrip, but forgets the words!
You closely miss the orc. The orc hits you but does no damage.
You barely miss the orc. You block the orc's attack.
A frilled lizard comes into view.
You slash the orc!
You kill the orc!
You barely miss Pikel.
Pikel is almost dead.
You feel sick. Pikel hits you but does no damage.
You barely miss Pikel.
Pikel is almost dead.
Pikel hits you with a whip of flaming.
* * * LOW HITPOINT WARNING * * *
Pikel burns you.
* * * LOW HITPOINT WARNING * * *
The orc priest invokes the aid of Beogh against you.
Beogh smites you!
You die...

## #.. .... ### ....##.......
# #♣# #............ ##.
##K####............
.###...#####po##..............
.....o.o..(lpp.........^......
......###.....................
.....K.(......................
......p#[..........<..........
.....###.......∩.∩............
.... #......................


You could see Pikel, 3 slaves, an orc priest and a frilled lizard.

Vanquished Creatures
  Grinder (D:6)
  Prince Ribbit (D:5)
  A slave (D:4)
  A phantom (D:6)
  A crimson imp (D:6)
  A bullfrog skeleton (D:6)
  An orc priest (D:5)
  An orc wizard (D:5)
  3 iguanas
  A worker ant (D:4)
  A hound skeleton (D:3)
  2 adders
  2 oozes
  An adder zombie (D:5)
  An adder skeleton (D:4)
  A worm (D:2)
  2 dart slugs (D:1)
  A leopard gecko (D:1)
  7 orcs
  3 bats
  4 giant cockroaches
  4 goblins
  6 hobgoblins
  3 jackals (D:5)
  4 kobolds (D:1)
  2 quokkas (D:6)
  4 frilled lizards
  4 rats
64 creatures vanquished.

Notes
Turn   | Place    | Note
-------+----------+-------------------------------------------
     0 | D:1      | tidbits the High Elf Wanderer began the quest for the Orb.
     0 | D:1      | tidbits set off with: a +2 spear, 2 potions of curing, a +0 robe, a +0 dagger, a bread ration
     0 | D:1      | Reached XP level 1. HP: 16/16 MP: 2/2
    60 | D:1      | Reached XP level 2. HP: 21/21 MP: 3/3
   380 | D:3      | Reached XP level 3. HP: 24/26 MP: 4/4
   421 | D:2      | Reached skill level 4 in Dodging
   636 | D:5      | Entered Level 5 of the Dungeon
   821 | D:5      | Reached XP level 4. HP: 23/33 MP: 5/5
   832 | D:5      | Reached skill level 4 in Fighting
  1092 | D:6      | Reached skill level 1 in Long Blades
  1096 | D:6      | Noticed Prince Ribbit
  1099 | D:6      | Noticed Grinder
  1107 | D:5      | Killed Prince Ribbit
  1107 | D:5      | Reached skill level 5 in Long Blades
  1107 | D:5      | Reached XP level 5. HP: 25/37 MP: 6/6
  1107 | D:5      | Reached XP level 6. HP: 29/43 MP: 7/7
  1553 | D:6      | Killed Grinder
  1553 | D:6      | Reached skill level 7 in Long Blades
  1553 | D:6      | Reached XP level 7. HP: 36/48 MP: 8/8
  1755 | D:4      | Reached skill level 8 in Long Blades
  1995 | D:4      | Found Devo's Distillery.
  2003 | D:4      | Bought a potion of lignification for 30 gold pieces
  2003 | D:4      | Bought a potion of agility for 40 gold pieces
  2145 | D:4      | Noticed Pikel
  2170 | D:4      | Killed from afar by an orc priest

Skill      XL: |  1  2  3  4  5  6  7 |
---------------+----------------------+-----
Dodging        | 4 |  4.9
Fighting       | 4 |  4.2
Long Blades    | 5 7 8 |  8.3
Armour         | |  1.4
Stealth        | |  3.6

Action                   |  1- 3 |  4- 6 |  7- 9 || total
-------------------------+-------+-------+-------++-------
Melee: Spear             |   121 |    11 |       ||   132
       Falchion          |       |    61 |    72 ||   133
       Dagger            |       |     2 |       ||     2
Evoke: Wand              |       |     3 |    12 ||    15
  Use: Potion            |     5 |     1 |     2 ||     8
       Scroll            |       |     4 |     4 ||     8
 Stab: Sleeping          |     5 |     1 |       ||     6
       Paralysed         |       |     3 |       ||     3
  Eat: Chunk             |       |     2 |     2 ||     4
Armor: Robe              |     8 |       |       ||     8
       Ring mail         |    14 |    17 |    15 ||    46
       Skin              |       |       |     4 ||     4
Dodge: Dodged            |    65 |    27 |    22 ||   114
Block: Other             |     6 |    14 |     7 ||    27
       Rpst.: Falchion   |       |    10 |     9 ||    19

Table legend:
 A = Turns spent in this place as a percentage of turns spent in the entire game.
 B = Non-inter-level travel turns spent in this place as a percentage of non-inter-level travel turns spent in the entire game.
 C = Inter-level travel turns spent in this place as a percentage of turns spent in this place.
 D = Turns resting spent in this place as a percentage of non-inter-level travel turns spent in this place.
 E = Turns spent auto-exploring this place as a percentage of non-inter-level travel turns spent in this place.
 F = Non-inter-level travel turns spent in this place divided by the number of levels of this place that you've seen.
                   A       B       C       D       E      F
               +-------+-------+-------+-------+-------+----------------------
         Total | 100.0 | 100.0 |   0.0 |   0.0 |   0.0 | 288.9
       Dungeon | 100.0 | 100.0 |   0.0 |   0.0 |   0.0 | 288.9
               +-------+-------+-------+-------+-------+----------------------

Table legend:
 A = Kills in this place as a percentage of kills in entire the game.
 B = Kills by you in this place as a percentage of kills by you in the entire game.
 C = Kills by friends in this place as a percentage of kills by friends in the entire game.
 D = Other kills in this place as a percentage of other kills in the entire game.
 E = Experience gained in this place as a percentage of experience gained in the entire game.
 F = Experience gained in this place divided by the number of levels of this place that you have seen.
                   A       B       C       D       E      F
               +-------+-------+-------+-------+-------+----------------------
         Total | 100.0 | 100.0 |  -nan |  -nan | 100.0 | 166.3
       Dungeon | 100.0 | 100.0 |  -nan |  -nan | 100.0 | 166.3
               +-------+-------+-------+-------+-------+----------------------

Vault maps used:
D:1:      ncdulo_halloftheorcs
D:2:      uniq_robin
D:3:      uniq_iyjb
D:4:      first_bread, serial_shops, nicolae_shop_competitors_out_of_business,
          uniq_pikel
D:5:      uniq_eustachio
D:6:      uniq_prince_ribbit1, uniq_grinder
D:7:      lemuel_castle_with_subvaults, temple_pool_b
